Workbook

Sheet Cash Flow Statement
A1: IHG Group - 5-Year Cash Flow Statement and Highlighted Metrics
A2: For years ended 31 December; US$m. Capex is PPE plus intangible asset purchases.
A4: HIGHLIGHTED METRICS
A5: Metric | B5: 2024 | C5: 2023 | D5: 2022 | E5: 2021 | F5: 2020
A6: Operating profit/(loss) | B6: ='5Y Income Statement'!B19 -> 1041 | C6: ='5Y Income Statement'!C19 -> 1066 | D6: ='5Y Income Statement'!D19 -> 628 | E6: ='5Y Income Statement'!E19 -> 494 | F6: ='5Y Income Statement'!F19 -> -153
A7: Cash flow from operations | B7: =B23 -> 1149 | C7: =C23 -> 1219 | D7: =D23 -> 961 | E7: =E23 -> 848 | F7: =F23 -> 308
A8: Net cash from operating activities | B8: =B28 -> 724 | C8: =C28 -> 893 | D8: =D28 -> 646 | E8: =E28 -> 636 | F8: =F28 -> 137
A9: Net cash from investing activities | B9: =B44 -> -99 | C9: =C44 -> -137 | D9: =D44 -> -78 | E9: =E44 -> -12 | F9: =F44 -> -61
A10: Net cash from financing activities | B10: =B57 -> -894 | C10: =C57 -> -417 | D10: =D57 -> -961 | E10: =E57 -> -860 | F10: =F57 -> 1354
A11: Capital expenditure (PPE + intangible asset purchases) | B11: =B30+B31 -> -78 | C11: =C30+C31 -> -82 | D11: =D30+D31 -> -99 | E11: =E30+E31 -> -52 | F11: =F30+F31 -> -76
A12: Depreciation and amortisation (positive magnitude) | B12: =-'5Y Income Statement'!B16 -> 65 | C12: =-'5Y Income Statement'!C16 -> 67 | D12: =-'5Y Income Statement'!D16 -> 68 | E12: =-'5Y Income Statement'!E16 -> 98 | F12: =-'5Y Income Statement'!F16 -> 110
A15: FULL GROUP STATEMENT OF CASH FLOWS
A16: Line item | B16: 2024 | C16: 2023 | D16: 2022 | E16: 2021 | F16: 2020
A17: OPERATING ACTIVITIES
A18: Profit/(loss) for the year | B18: 628 | C18: 750 | D18: 376 | E18: 265 | F18: -260
A19: Adjustments reconciling profit/(loss) to cash flow from operations | B19: 521 | C19: 469 | D19: 585 | E19: 583 | F19: 0
A20: Adjustments reconciling profit/(loss) to cash flow from operations before contract acquisition costs | B20: 0 | C20: 0 | D20: 0 | E20: 0 | F20: 632
A21: Cash flow from operations before contract acquisition costs | B21: 0 | C21: 0 | D21: 0 | E21: 0 | F21: 372 | H21: Year | I21: Net operating cash flow | J21: Net investing cash flow | K21: Net financing cash flow
A22: Contract acquisition costs, net of repayments | B22: 0 | C22: 0 | D22: 0 | E22: 0 | F22: -64 | H22: 2020 | I22: =F28 -> 137 | J22: =F44 -> -61 | K22: =F57 -> 1354
A23: Cash flow from operations | B23: 1149 | C23: 1219 | D23: 961 | E23: 848 | F23: 308 | H23: 2021 | I23: =E28 -> 636 | J23: =E44 -> -12 | K23: =E57 -> -860
A24: Interest paid | B24: -170 | C24: -119 | D24: -126 | E24: -134 | F24: -132 | H24: 2022 | I24: =D28 -> 646 | J24: =D44 -> -78 | K24: =D57 -> -961
A25: Interest received | B25: 57 | C25: 36 | D25: 22 | E25: 8 | F25: 2 | H25: 2023 | I25: =C28 -> 893 | J25: =C44 -> -137 | K25: =C57 -> -417
A26: Deferred/contingent purchase consideration paid (operating) | B26: -3 | C26: 0 | D26: 0 | E26: 0 | F26: 0 | H26: 2024 | I26: =B28 -> 724 | J26: =B44 -> -99 | K26: =B57 -> -894
A27: Tax paid | B27: -309 | C27: -243 | D27: -211 | E27: -86 | F27: -41
A28: Net cash from operating activities | B28: 724 | C28: 893 | D28: 646 | E28: 636 | F28: 137
A29: INVESTING ACTIVITIES
A30: Purchase of property, plant and equipment | B30: -29 | C30: -28 | D30: -54 | E30: -17 | F30: -26
A31: Purchase of intangible assets | B31: -49 | C31: -54 | D31: -45 | E31: -35 | F31: -50
A32: Investment in associates and joint ventures | B32: -6 | C32: -3 | D32: -1 | E32: 0 | F32: -2
A33: Investment in other financial assets | B33: -32 | C33: -60 | D33: 0 | E33: -5 | F33: -5
A34: Deferred/contingent purchase consideration paid (investing) | B34: -10 | C34: 0 | D34: 0 | E34: -13 | F34: 0
A35: Capitalised interest paid | B35: 0 | C35: 0 | D35: 0 | E35: 0 | F35: -1
A36: Lease incentives received | B36: 0 | C36: 0 | D36: 6 | E36: 0 | F36: 0
A37: Distributions from associates and joint ventures | B37: 0 | C37: 0 | D37: 0 | E37: 0 | F37: 5
A38: Disposal of property, plant and equipment | B38: 9 | C38: 0 | D38: 3 | E38: 0 | F38: 0
A39: Disposal of hotel assets, net of costs and cash disposed | B39: 0 | C39: 0 | D39: 0 | E39: 44 | F39: 1
A40: Repayments of other financial assets | B40: 11 | C40: 8 | D40: 13 | E40: 14 | F40: 13
A41: Finance lease receipts | B41: 4 | C41: 0 | D41: 0 | E41: 0 | F41: 0
... A44: Net cash from investing activities | B44: -99 | C44: -137 | D44: -78 | E44: -12 | F44: -61
A45: FINANCING ACTIVITIES
A46: Repurchase of shares, including taxes/transaction costs | B46: -804 | C46: -790 | D46: -482 | E46: 0 | F46: 0
A47: Purchase of own shares by employee share trusts | B47: -27 | C47: -8 | D47: -1 | E47: 0 | F47: 0
A48: Dividends paid to shareholders | B48: -259 | C48: -245 | D48: -233 | E48: 0 | F48: 0
A49: Dividend paid to non-controlling interest | B49: 0 | C49: -3 | D49: 0 | E49: 0 | F49: 0
A50: Net issue/(repayment) of commercial paper | B50: 0 | C50: 0 | D50: 0 | E50: -828 | F50: 738
A51: Issue of long-term bonds, including effect of currency swaps | B51: 834 | C51: 657 | D51: 0 | E51: 0 | F51: 1093
A52: Repayment of long-term bonds | B52: -547 | C52: 0 | D52: -209 | E52: 0 | F52: -290
A53: Settlement of currency swaps | B53: -45 | C53: 0 | D53: 0 | E53: 0 | F53: 0
A54: Principal element of lease payments | B54: -46 | C54: -28 | D54: -36 | E54: -32 | F54: -65
A55: Decrease in other borrowings | B55: 0 | C55: 0 | D55: 0 | E55: 0 | F55: -125
A56: Proceeds from currency swaps | B56: 0 | C56: 0 | D56: 0 | E56: 0 | F56: 3
A57: Net cash from financing activities | B57: -894 | C57: -417 | D57: -961 | E57: -860 | F57: 1354
A58: CASH AND CASH EQUIVALENTS
A59: Net movement in cash and cash equivalents in the year | B59: -269 | C59: 339 | D59: -393 | E59: -236 | F59: 1430
A60: Cash and cash equivalents at beginning of the year | B60: 1278 | C60: 921 | D60: 1391 | E60: 1624 | F60: 108
A61: Exchange rate effects | B61: -18 | C61: 18 | D61: -77 | E61: 3 | F61: 86
A62: Cash and cash equivalents at end of the year | B62: 991 | C62: 1278 | D62: 921 | E62: 1391 | F62: 1624
A64: VALIDATION CHECKS
A65: Check | B65: 2024 | C65: 2023 | D65: 2022 | E65: 2021 | F65: 2020
A66: Cash flow reconciliation: operating + investing + financing - net movement | B66: =B28+B44+B57-B59 -> 0 | C66: =C28+C44+C57-C59 -> 0 | D66: =D28+D44+D57-D59 -> 0 | E66: =E28+E44+E57-E59 -> 0 | F66: =F28+F44+F57-F59 -> 0
A67: Cash balance reconciliation: beginning + movement + FX - ending | B67: =B60+B59+B61-B62 -> 0 | C67: =C60+C59+C61-C62 -> 0 | D67: =D60+D59+D61-D62 -> 0 | E67: =E60+E59+E61-E62 -> 0 | F67: =F60+F59+F61-F62 -> 0

Sheet 5Y Income Statement
A1: InterContinental Hotels Group PLC (IHG) - 5-Year Combined Group Income Statement
A2: For years ended 31 December; US$m except EPS. Negative values represent expenses or losses.
A4: Line item | B4: 2024 | C4: 2023 | D4: 2022 | E4: 2021 | F4: 2020
A5: Revenue from fee business | B5: 1774 | C5: 1672 | D5: 1434 | E5: 1144 | F5: 823
A6: Revenue from owned, leased and managed lease hotels | B6: 515 | C6: 471 | D6: 394 | E6: 237 | F6: 169
A7: Revenue from insurance activities | B7: 23 | C7: 21 | D7: 15 | E7: 9 | F7: 0
A8: System Fund and reimbursable revenues | B8: 2611 | C8: 2460 | D8: 2049 | E8: 1517 | F8: 1402
A9: Total revenue | B9: 4923 | C9: 4624 | D9: 3892 | E9: 2907 | F9: 2394
A10: Cost of sales | B10: -745 | C10: -742 | D10: -648 | E10: -486 | F10: -354
A11: System Fund and reimbursable expenses | B11: -2694 | C11: -2441 | D11: -2154 | E11: -1528 | F11: -1504
A12: Administrative expenses | B12: -359 | C12: -338 | D12: -353 | E12: -292 | F12: -267
A13: Insurance expenses | B13: -29 | C13: -23 | D13: -11 | E13: -8 | F13: 0
A14: Share of profits/(losses) of associates and joint ventures | B14: 10 | C14: 31 | D14: -59 | E14: -8 | F14: -14
A15: Other operating income | B15: 10 | C15: 21 | D15: 29 | E15: 11 | F15: 16
... A32: Diluted EPS (cents) | B32: 385.3 | C32: 441.2 | D32: 206 | E32: 144.6 | F32: -142.9

Sheet Combined Balance Sheet
A1: IHG Group - 5-Year Combined Balance Sheet
A2: US$m; as at 31 December. Liabilities and net liabilities are shown as negative values.
A4: Line item | B4: 2024 | C4: 2023 | D4: 2022 | E4: 2021 | F4: 2020
A5: ASSETS
A6: Non-current assets
A7: Goodwill and other intangible assets | B7: 1042 | C7: 1099 | D7: 1144 | E7: 1195 | F7: 1293
A8: Property, plant and equipment | B8: 146 | C8: 153 | D8: 157 | E8: 137 | F8: 201
A9: Right-of-use assets | B9: 276 | C9: 273 | D9: 280 | E9: 274 | F9: 303
A10: Investment in associates and joint ventures | B10: 51 | C10: 48 | D10: 36 | E10: 77 | F10: 81
A11: Retirement benefit assets | B11: 3 | C11: 3 | D11: 2 | E11: 2 | F11: 0
A12: Other financial assets | B12: 212 | C12: 185 | D12: 156 | E12: 173 | F12: 168
A13: Derivative financial instruments | B13: 4 | C13: 20 | D13: 7 | E13: 0 | F13: 5
A14: Deferred compensation plan investments | B14: 286 | C14: 250 | D14: 216 | E14: 256 | F14: 236
A15: Non-current other receivables | B15: 35 | C15: 13 | D15: 3 | E15: 1 | F15: 0
A16: Non-current tax receivable | B16: 0 | C16: 0 | D16: 0 | E16: 0 | F16: 15
A17: Deferred tax assets | B17: 122 | C17: 134 | D17: 126 | E17: 147 | F17: 113
A18: Contract costs | B18: 90 | C18: 82 | D18: 75 | E18: 72 | F18: 70
... A20: Total non-current assets | B20: 2879 | C20: 2684 | D20: 2538 | E20: 2650 | F20: 2796
A21: Current assets
A22: Inventories | B22: 4 | C22: 5 | D22: 4 | E22: 4 | F22: 5
A23: Trade and other receivables | B23: 785 | C23: 740 | D23: 646 | E23: 574 | F23: 514
A24: Current tax receivable | B24: 22 | C24: 15 | D24: 16 | E24: 1 | F24: 18
A25: Other financial assets | B25: 7 | C25: 7 | D25: 0 | E25: 2 | F25: 1
A26: Derivative financial instruments | B26: 0 | C26: 0 | D26: 0 | E26: 0 | F26: 0
A27: Cash and cash equivalents | B27: 1008 | C27: 1322 | D27: 976 | E27: 1450 | F27: 1675
A28: Contract costs | B28: 5 | C28: 5 | D28: 5 | E28: 5 | F28: 5
A29: Contract assets | B29: 38 | C29: 35 | D29: 31 | E29: 30 | F29: 25
A30: Total current assets | B30: 1869 | C30: 2129 | D30: 1678 | E30: 2066 | F30: 2243
A31: Assets classified as held for sale | B31: 0 | C31: 0 | D31: 0 | E31: 0 | F31: 0
A32: Total assets | B32: 4748 | C32: 4813 | D32: 4216 | E32: 4716 | F32: 5039
A33: LIABILITIES
A34: Current liabilities
A35: Loans and other borrowings | B35: -398 | C35: -599 | D35: -55 | E35: -292 | F35: -869
A36: Lease liabilities | B36: -26 | C36: -30 | D36: -26 | E36: -35 | F36: -34
A37: Derivative financial instruments | B37: 0 | C37: -25 | D37: 0 | E37: 0 | F37: 0
A38: Trade and other payables | B38: -650 | C38: -711 | D38: -697 | E38: -579 | F38: -466
A39: Deferred revenue | B39: -766 | C39: -752 | D39: -681 | E39: -617 | F39: -452
A40: Provisions | B40: -22 | C40: -10 | D40: -44 | E40: -49 | F40: -16
A41: Insurance liabilities | B41: -14 | C41: -12 | D41: -9 | E41: 0 | F41: 0
A42: Current tax payable | B42: -52 | C42: -51 | D42: -32 | E42: -52 | F42: -30
A43: Total current liabilities | B43: -1928 | C43: -2190 | D43: -1544 | E43: -1624 | F43: -1867
A44: Non-current liabilities
A45: Loans and other borrowings | B45: -2876 | C45: -2567 | D45: -2341 | E45: -2553 | F45: -2898
A46: Lease liabilities | B46: -388 | C46: -396 | D46: -401 | E46: -384 | F46: -416
A47: Derivative financial instruments | B47: -78 | C47: 0 | D47: -11 | E47: -62 | F47: -18
A48: Retirement benefit obligations | B48: -68 | C48: -66 | D48: -66 | E48: -92 | F48: -103
A49: Deferred compensation plan liabilities | B49: -286 | C49: -250 | D49: -216 | E49: -256 | F49: -236
A50: Trade and other payables | B50: -78 | C50: -75 | D50: -81 | E50: -89 | F50: -94
A51: Deferred revenue | B51: -1294 | C51: -1096 | D51: -1043 | E51: -996 | F51: -1117
A52: Provisions | B52: -17 | C52: -26 | D52: -20 | E52: -41 | F52: -44
A53: Insurance liabilities | B53: -25 | C53: -25 | D53: -23 | E53: 0 | F53: 0
A54: Deferred tax liabilities | B54: -18 | C54: -68 | D54: -78 | E54: -93 | F54: -95
A55: Total non-current liabilities | B55: -5128 | C55: -4569 | D55: -4280 | E55: -4566 | F55: -5021
A56: Liabilities classified as held for sale | B56: 0 | C56: 0 | D56: 0 | E56: 0 | F56: 0
... A58: Net liabilities | B58: -2308 | C58: -1946 | D58: -1608 | E58: -1474 | F58: -1849
A59: EQUITY
A60: IHG shareholders' equity | B60: -2312 | C60: -1950 | D60: -1615 | E60: -1481 | F60: -1857
A61: Non-controlling interest | B61: 4 | C61: 4 | D61: 7 | E61: 7 | F61: 8
A62: Total equity | B62: -2308 | C62: -1946 | D62: -1608 | E62: -1474 | F62: -1849
A64: Validation checks
A65: Check | B65: 2024 | C65: 2023 | D65: 2022 | E65: 2021 | F65: 2020
A66: Equity check: total equity - net liabilities | B66: =B62-B58 -> 0 | C66: =C62-C58 -> 0 | D66: =D62-D58 -> 0 | E66: =E62-E58 -> 0 | F66: =F62-F58 -> 0
